 Dungeon Crawl Stone Soup version 0.25-a0-479-g8579842fd4 (webtiles) character file.

Game seed: 1060677250115190105, levelgen mode: deterministic

8000 Eurus the Thaumaturge (level 11, -2/77 HPs)
             Began as a Mummy Conjurer on Feb 9, 2020.
             Was a Follower of Ashenzari.
             Slain by a yak (15 damage)
             ... on level 9 of the Dungeon.
             The game lasted 00:32:51 (14430 turns).

Eurus the Thaumaturge (Mummy Conjurer)             Turns: 14430, Time: 00:32:51

Health: -2/77      AC:  6    Str: 11    XL:     11   Next: 4%
Magic:  1/25       EV: 12    Int: 18    God:    Ashenzari [*.....]
Gold:   385        SH:  0    Dex: 13    Spells: 24/31 levels left

rFire    . . .     SeeInvis .   o - +4 flail
rCold    + . .     Gourm    .   (no shield)
rNeg     + + +     Faith    .   r - +1 robe {MR+}
rPois    ∞         Spirit   .   (no helmet)
rElec    .         Reflect  .   k - +0 cloak
rCorr    .         Harm     .   j - +0 pair of gloves
MR       ++...                  (no boots)
Stlth    ++........             (no amulet)
HPRegen  0.22/turn              p - ring of protection from fire
MPRegen  0.19/turn              (no ring)

@: no status effects
A: no food or potions, fire vulnerability, cold resistance 1, negative energy
resistance 3, torment resistance, unbreathing
a: Curse Item, Scrying, Renounce Religion


You were on level 9 of the Dungeon.
You worshipped Ashenzari.
Ashenzari was aware of your devotion.
You were not hungry.

You visited 2 branches of the dungeon, and saw 10 of its levels.
You also visited: Ossuary.

You collected 385 gold pieces.

Inventory:

Hand Weapons
 m - a +1 quarterstaff
 o - a +4 flail (weapon)
Armour
 j - a +0 pair of gloves (worn)
 k - a +0 cloak (worn)
 l - a +2 robe
 r - a +1 robe of magic resistance (worn)
Magical Staves
 c - an uncursed staff of death
Jewellery
 p - a ring of protection from fire (left hand)
 s - a cursed ring of ice
Wands
 h - a wand of enslavement (3)
 t - a wand of flame (31)
Scrolls
 a - 2 scrolls of blinking
 b - 4 scrolls of remove curse
 d - 4 scrolls of amnesia
 e - a scroll of enchant weapon
 f - a scroll of fog
 g - 7 scrolls of identify
 i - 2 scrolls of fear
 u - 3 scrolls of magic mapping
 v - 2 scrolls of teleportation


   Skills:
 - Level 4.2 Fighting
 + Level 6.0 Armour
 - Level 1.5 Dodging
 - Level 1.5 Stealth
 + Level 10.5 Spellcasting
 + Level 8.2 Conjurations
 + Level 6.8 Translocations


You had 24 spell levels left.
You knew the following spells:

 Your Spells              Type           Power        Failure   Level  Hunger
a - Magic Dart            Conj           ####         1%          1    N/A
b - Searing Ray           Conj           #####.       1%          2    N/A
c - Iskenderun's Mystic   Conj/Tloc      #####...     3%          4    N/A

Your spell library contained the following spells:

 Spells                   Type           Power        Failure   Level  Hunger
 Dazzling Flash           Conj/Hex       ###...       4%          3    N/A
 Fulminant Prism          Conj/Hex       ###.......   14%         4    N/A

Dungeon Overview and Level Annotations

Branches:
Dungeon (9/15)             Temple (1/1) D:4         Ossuary (visited)
   Lair: D:8-11         Orc: D:9-12

Altars:
Ashenzari
Cheibriados
Dithmenos
Elyvilon
Fedhas
Gozag
Hepliaklqana
Kikubaaqudgha
Makhleb
Nemelex Xobeh
Okawaru
Qazlal
Ru
Sif Muna
Trog
Vehumet
Wu Jian
Xom
Yredelemnul
Zin
The Shining One

Annotations:
D:3 1 runed translucent door
D:4 Duvessa
D:8 exclusion: orb spider


Innate Abilities, Weirdness & Mutations

You do not eat or drink.
Your flesh is vulnerable to fire.
You are immune to poison.
Your flesh is cold resistant. (rC+)
You are immune to negative energy. (rN+++)
You are immune to unholy pain and torment.
You can survive without breathing.


Message History

Press: ? - help, Shift-Dir - straight line, f - yak
Aim: a yak (almost dead)
The searing ray hits the yak!
You kill the yak!
The searing ray misses the yak. (Press . to maintain the ray.)
The searing ray hits the yak.
The yak is moderately wounded.
The searing ray hits the yak!
The yak is moderately wounded.
The yak gores you!
The searing ray hits the yak.
The yak is heavily wounded.
You finish channeling your searing ray.
The yak gores you!
You hit the yak.
The yak is severely wounded.
The yak gores you!
* * * LOW HITPOINT WARNING * * *
The yak gores you!
You die...

### #.# #.#
#.#
#########.###
............#
###..##.###.#
#
#.###.#######
#........Y@.#
#.#########.#
#†......# #.#
... #Y#####[#
#.##... #Y#
#..##.# #.#
#..##.# #.#
#..##.# .Y.
#..##.# .Y.
#..##.#


You could see a yak.

Vanquished Creatures
  2 two-headed ogres (D:8)
  A hornet (D:8)
  A hippogriff (D:9)
  A spriggan (D:7)
  A spriggan (shapeshifter) (D:8)
  9 yaks
  Eustachio (D:4)
  A wyvern (D:9)
  2 water moccasins
  3 orc warriors
  3 phantoms
  A necrophage (D:6)
  3 ice beasts
  8 ogres
  2 sky beasts (D:6)
  4 centaurs
  A big kobold (D:8)
  2 scorpions
  4 killer bees
  5 wights (D:8)
  7 howler monkeys
  A bullfrog zombie (D:8)
  5 crimson imps
  2 jellies
  7 orc priests
  4 hounds
  8 orc wizards
  Crazy Yiuf (D:2)
  2 bullfrog skeletons
  Jessica (D:2)
  3 worker ants
  2 iguanas
  A killer bee zombie (D:8)
  2 hound skeletons
  3 gnolls (D:2)
  10 adders
  2 shadow imps
  3 oozes
  An adder skeleton (D:7)
  An adder zombie (Ossuary)
  2 worms (D:2)
  2 dart slugs
  7 leopard geckos
  26 orcs
  2 ball pythons
  5 giant cockroaches
  7 goblins
  11 hobgoblins
  11 jackals
  14 kobolds
  5 quokkas
  5 bats
  8 frilled lizards
  8 hobgoblin zombies (Ossuary)
  4 kobold zombies (Ossuary)
  A leopard gecko skeleton (D:8)
  8 orc zombies (Ossuary)
  8 rats
  2 fungi (D:2)
257 creatures vanquished.

Notes
Turn   | Place    | Note
-------+----------+-------------------------------------------
     0 | D:1      | Eurus the Mummy Conjurer began the quest for the Orb.
     0 | D:1      | Reached XP level 1. HP: 13/13 MP: 4/4
   358 | D:1      | Reached skill level 3 in Spellcasting
   535 | D:1      | Reached XP level 2. HP: 20/20 MP: 1/6
   583 | D:1      | Learned a level 2 spell: Searing Ray
   688 | D:1      | Reached skill level 1 in Fighting
  1312 | D:1      | Reached XP level 3. HP: 25/26 MP: 4/7
  2020 | D:2      | Reached XP level 4. HP: 33/33 MP: 5/9
  2336 | D:2      | Noticed an ogre
  2353 | D:2      | Noticed Jessica
  2482 | D:2      | Killed Jessica
  2746 | D:2      | Found a sacrificial altar of Ru.
  2800 | D:3      | Found a runed translucent door.
  2800 | D:3      | Noticed a human
  2974 | D:3      | Reached XP level 5. HP: 37/38 MP: 5/10
  2975 | D:3      | Reached skill level 4 in Spellcasting
  3133 | D:3      | Found a basalt altar of Yredelemnul.
  3159 | D:3      | Found an opulent altar of Gozag.
  3408 | D:2      | Learned a level 4 spell: Iskenderun's Mystic Blast
  3642 | D:4      | Found a staircase to the Ecumenical Temple.
  3649 | Temple   | Entered the Ecumenical Temple
  3742 | D:4      | Found a sand-covered staircase.
  3745 | D:4      | Noticed an ogre
  3752 | D:4      | Killed an ogre
  3760 | Ossuary  | Entered an ossuary
  4278 | Ossuary  | Reached skill level 1 in Translocations
  4512 | D:3      | Reached XP level 6. HP: 24/46 MP: 1/12
  4860 | D:4      | Found a shadowy altar of Dithmenos.
  4886 | D:4      | Noticed Duvessa
  5245 | D:4      | Reached skill level 5 in Spellcasting
  5617 | D:4      | Noticed Eustachio
  5756 | D:4      | Killed Eustachio
  5756 | D:4      | Reached skill level 5 in Conjurations
  5756 | D:4      | Reached XP level 7. HP: 8/53 MP: 1/14
  6423 | D:2      | Found a runed translucent door.
  6424 | D:2      | Noticed Crazy Yiuf
  6492 | D:2      | Killed Crazy Yiuf
  6754 | D:5      | Entered Level 5 of the Dungeon
  6994 | D:5      | Found a shattered altar of Ashenzari.
  7023 | D:5      | Became a worshipper of Ashenzari the Shackled
  7123 | D:5      | Found a blossoming altar of Fedhas.
  7137 | D:5      | Reached skill level 6 in Spellcasting
  7335 | D:5      | Noticed a yak
  7335 | D:5      | Noticed a yak
  7354 | D:5      | Noticed a yak
  7358 | D:5      | Killed a yak
  7358 | D:5      | Reached skill level 1 in Armour
  7358 | D:5      | Reached XP level 8. HP: 60/60 MP: 8/17
  8141 | D:6      | Reached skill level 7 in Spellcasting
  8474 | D:6      | Reached XP level 9. HP: 62/65 MP: 15/20
  9082 | D:6      | Reached skill level 8 in Spellcasting
  9169 | D:6      | Found an ornate altar of the Wu Jian Council.
  9752 | D:6      | Reached skill level 5 in Translocations
 11297 | D:7      | Reached skill level 9 in Spellcasting
 11417 | D:8      | Noticed a two-headed ogre
 11469 | D:8      | Reached XP level 10. HP: 72/72 MP: 14/23
 12239 | D:8      | Killed a two-headed ogre
 12239 | D:8      | Reached skill level 5 in Armour
 12577 | D:8      | Found a snail-covered altar of Cheibriados.
 12654 | D:8      | Reached * piety under Ashenzari
 13393 | D:8      | Found a sparkling altar of Nemelex Xobeh.
 13629 | D:8      | Reached skill level 10 in Spellcasting
 13792 | D:8      | Noticed an orb spider
 13870 | D:8      | Noticed a two-headed ogre
 13876 | D:8      | Killed a two-headed ogre
 14419 | D:9      | Reached XP level 11. HP: 60/77 MP: 9/25
 14430 | D:9      | Slain by a yak

Levels and vault maps discovered:
D:1:      dpeg_arrival_rooms_with_view, layout_loops_cross
D:2:      layout_basic, lemuel_coloured_pillars_altar, uniq_jessica,
          uniq_crazy_yiuf_cottage
D:3:      layout_rooms, old_standard_altar, dk_yredelemnul_ordeal
D:4:      layout_basic, kennysheep_mini_moat,
          minmay_temple_entry_statues_pillars, nicolae_ossuary_entry_monument,
          uniq_eustachio, uniq_duvessa
D:5:      layout_basic, fedhas_altar_fruit_tree, nicolae_ashenzari_panopticon,
          first_ration
D:6:      layout_loops_ring, kennysheep_mini
D:7:      layout_cave_pools, hangedman_decor_riveting, the_bakery
D:8:      minmay_imperfect_grid, layout_basic, overflow_temple_1_default,
          nicolae_overflow_crystal_walls, grunt_decor_mini_mirrors
D:9:      layout_loops_ring, overflow_temple_1_default, erik_lair_dragon,
          gammafunk_ghost_split, uniq_joseph, uniq_maggie, uniq_psyche
Temple:   nicolae_temple_god_jail

Skill      XL: |  1  2  3  4  5  6  7  8  9 10 11 |
---------------+----------------------------------+-----
Spellcasting   | 3 4 5 6 7 9 10 | 10.5
Fighting       | 1 2 3 4 |  4.2
Conjurations   | 4 5 6 7 8 |  8.2
Translocations | 1 2 3 4 5 6 |  6.8
Armour         | 1 2 4 5 6 |  6.0
Dodging        | |  1.5
Stealth        | |  1.5

Action                   |  1- 3 |  4- 6 |  7- 9 | 10-12 || total
-------------------------+-------+-------+-------+-------++-------
Melee: Unarmed           |    17 |       |       |       ||    17
       Club              |    38 |     5 |       |       ||    43
       Dagger            |       |    10 |       |       ||    10
       Quarterstaff      |       |    41 |    62 |       ||   103
       Flail             |       |       |     5 |    26 ||    31
 Cast: Magic Dart        |    47 |   104 |    82 |    38 ||   271
       Searing Ray       |     4 |    18 |    71 |    44 ||   137
  Use: Scroll            |       |     6 |     3 |     3 ||    12
 Stab: Sleeping          |     2 |       |       |     1 ||     3
Armor: Robe              |    14 |    58 |    50 |    19 ||   141
Dodge: Dodged            |    49 |   121 |   124 |    62 ||   356

Table legend:
 A = Non-vault XP
 B = Vault XP
 C = Vault XP percentage of total XP
 D = Non-vault monster count
 E = Vault monster count
 F = Vault count percentage of total count
                 A         B        C        D         E       F
            +---------+---------+-------+---------+---------+-------
      Total |    8636 |    2793 |  24.4 |     209 |      46 |  18.0
            +---------+---------+-------+---------+---------+-------
        D:1 |      39 |       2 |   4.9 |      25 |       2 |   7.4
        D:2 |     226 |      78 |  25.7 |      26 |       2 |   7.1
        D:3 |     104 |       0 |   0.0 |      15 |       0 |   0.0
        D:4 |     451 |     202 |  30.9 |      17 |       1 |   5.6
        D:5 |    1039 |       0 |   0.0 |      19 |       0 |   0.0
        D:6 |    2022 |       0 |   0.0 |      40 |       0 |   0.0
        D:7 |    1015 |     229 |  18.4 |      28 |       1 |   3.4
        D:8 |    2249 |    2257 |  50.1 |      32 |      19 |  37.3
        D:9 |    1491 |       0 |   0.0 |       7 |       0 |   0.0
    Ossuary |       0 |      25 | 100.0 |       0 |      21 | 100.0
            +---------+---------+-------+---------+---------+-------
